 Dungeon Crawl Stone Soup version 0.25.1-2-g60ff931df9 (webtiles) character file.

Game seed: 13673881088677566474

15 Descartes the Covert (level 2, -1/12 HPs)
             Began as a Felid Wanderer on July 29, 2020.
             Slain by a gnoll (4 damage)
             ... on level 1 of the Dungeon.
             The game lasted 00:01:02 (295 turns).

Descartes the Covert (Felid Wanderer)                Turns: 295, Time: 00:01:04

Health: -1/12      AC:  1    Str:  6    XL:     2   Next: 34%
Magic:  3/3        EV: 18    Int: 15    God:
Gold:   31         SH:  0    Dex: 15    Spells: 1/1 levels left
                                        Lives:  0   Deaths: 0

rFire    . . .     SeeInvis +     - Unarmed
rCold    . . .     Gourm    .   (shield unavailable)
rNeg     . . .     Faith    .   (armour unavailable)
rPois    .         Spirit   .   (helmet unavailable)
rElec    .         Reflect  .   (cloak unavailable)
rCorr    .         Harm     .   (gloves unavailable)
MR       .....                  (boots unavailable)
Stlth    ++++......             (no amulet)
HPRegen  0.04/turn              (no ring)
MPRegen  0.08/turn              (no ring)

@: quick
A: very small, no armour, no weapons or thrown items, stealth, claws 1, fangs 3,
see invisible, carnivore, speed 1, shaggy fur 1, slow metabolism 1, sharp paws
a: no special abilities


You were on level 1 of the Dungeon.
You were completely stuffed.

You visited 1 branch of the dungeon, and saw 1 of its levels.

You collected 31 gold pieces.

Inventory:

Missiles
 e - 44 stones
Scrolls
 a - a scroll of blinking
 b - a scroll of teleportation
 f - a scroll of identify {unknown}
Potions
 c - 3 potions of curing
Comestibles
 d - a ration
 g - 2 chunks of flesh


   Skills:
 - Level 1.0 Fighting
 + Level 2.9 Dodging
 + Level 8.5 Stealth
 + Level 1.1 Unarmed Combat


You had one spell level left.
You didn't know any spells.
Your spell library was empty.

Dungeon Overview and Level Annotations

Branches:
Dungeon (1/15)

Altars:


Innate Abilities, Weirdness & Mutations

You cannot wear armour.
You are incapable of wielding weapons or throwing items.
Your paws allow you to move quietly. (Stealth)
You have sharp claws.
You have razor-sharp teeth.
You have supernaturally acute eyesight. (SInv)
You are carnivorous and can eat meat at any time.
You cover ground quickly.
You are covered in fur. (AC +1)
You have a slow metabolism.
Your sharp claws are effective at attacking unaware monsters.


Message History

The gnoll shouts!
The gnoll misses you.
You scratch the gnoll but do no damage. The gnoll barely misses you.
You scratch the gnoll but do no damage.
A kobold comes into view.
The gnoll hits you!
Ouch! That really hurt!
You are too injured to fight recklessly!
You are too injured to fight recklessly!
You are too injured to fight recklessly!
You are too injured to fight recklessly!
You are too injured to fight recklessly!
You are too injured to fight recklessly!
You are too injured to fight recklessly!
You scratch the gnoll.
The gnoll is lightly wounded.
The gnoll hits you.
* * * LOW HITPOINT WARNING * * *
You barely miss the gnoll. The gnoll hits you.
You die...

#######.#...#
#.......#...#
#.#######....
#.# #...# #.#
#....
######.#
##.#[
#......# #.#.
#.###### #.#.
#@# #.#. #g#
#.#. #.#
##.#. #.#
#.... #.#
#.... #K#
#.... #.#
#.... #.#
#.... #####


You could see a gnoll and a kobold.

Vanquished Creatures
  A leopard gecko (D:1)
  2 giant cockroaches (D:1)
  A hobgoblin (D:1)
  2 kobolds (D:1)
  2 bats (D:1)
  2 frilled lizards (D:1)
  A goblin (D:1)
  4 rats (D:1)
15 creatures vanquished.

Notes
Turn   | Place    | Note
-------+----------+-------------------------------------------
     0 | D:1      | Descartes the Felid Wanderer began the quest for the Orb.
     0 | D:1      | Descartes set off with the following items: a scroll of
                  | blinking, a scroll of teleportation, a potion of curing, a
                  | ration
     0 | D:1      | Reached XP level 1. HP: 9/9 MP: 2/2
    52 | D:1      | Reached skill level 8 in Stealth
   129 | D:1      | Reached XP level 2. HP: 12/12 MP: 3/3
   295 | D:1      | Slain by a gnoll

Illustrated notes

Levels and vault maps discovered:
D:1:      dpeg_arrival_tiny_d, layout_basic

Skill      XL: |  1 |
---------------+----+-----
Stealth        | 8 |  8.5
Fighting       | |  1.0
Dodging        | |  2.9
Unarmed Combat | |  1.1

Action                   || total
-------------------------++-------
Melee: Unarmed           ||    24
 Stab: Sleeping          ||    11
  Eat: Chunk             ||     6
Dodge: Dodged            ||     8
